 Dungeon Crawl Stone Soup version 0.23.0-33-g5e6c059 (webtiles) character file.

Game seed: 17269208556713640134

438 Kairos the Shield-Bearer (level 7, -3/36 HPs)
             Began as a Vine Stalker Fighter on Feb 26, 2019.
             Killed by divine providence
             ... invoked by an orc priest
              (12 damage)
             ... on level 4 of the Dungeon.
             The game lasted 00:03:36 (2129 turns).

Kairos the Shield-Bearer (Vine Stalker Fighter)     Turns: 2129, Time: 00:03:37

Health: -3/36      AC: 10    Str: 20    XL:     7   Next: 1%
Magic:  0/8        EV:  8    Int:  8    God:
Gold:   174        SH: 10    Dex: 19    Spells: 6/6 levels left

rFire    . . .     SeeInvis .   a - +3 war axe
rCold    . . .     Gourm    .   c - +0 shield
rNeg     . . .     Faith    .   b - +0 scale mail
rPois    .         Spirit   +   (no helmet)
rElec    .         Reflect  .   (no cloak)
rCorr    .         Harm     +   h - +2 pair of gloves
MR       .....                  (no boots)
Stlth    ++........             q - amulet of harm
HPRegen  0.52/turn              k - +5 ring of dexterity
MPRegen  0.11/turn              s - ring of stealth

@: no status effects
A: fangs 2, regeneration 1, magic shield, antimagic bite, no potion heal 3, rot
immunity
a: no special abilities


You were on level 4 of the Dungeon.
You were very hungry.

You visited 1 branch of the dungeon, and saw 4 of its levels.

You collected 174 gold pieces.

Inventory:

Hand Weapons
 a - a +3 war axe (weapon)
Missiles
 e - 5 tomahawks (quivered)
 l - a throwing net
 n - 4 javelins
Armour
 b - a +0 scale mail (worn)
 c - a +0 shield (worn)
 h - a +2 pair of gloves (worn)
 y - the +0 buckler of Crawling {rF+ Int+3 Slay-6 Stlth+}
   (You found it on level 4 of the Dungeon)

   It affects your intelligence (+3).
   It affects your accuracy and damage with ranged weapons and melee attacks
   (-6).
   It protects you from fire.
   It makes you more stealthy.
Jewellery
 k - a +5 ring of dexterity (left hand)
 q - an amulet of harm (around neck)
 s - a ring of stealth (right hand)
Wands
 j - a wand of polymorph (6)
 u - a wand of disintegration (13)
Scrolls
 g - 2 scrolls of identify
 i - 3 scrolls of teleportation
 m - 5 scrolls of remove curse {unknown}
 t - 3 scrolls of immolation {unknown}
 w - a scroll of amnesia {unknown}
 x - a scroll of enchant armour
Potions
 d - 3 potions of might
 o - a potion of lignification {unknown}
 p - a potion of ambrosia {unknown}
 r - a potion of haste {unknown}
 v - a potion of invisibility {unknown}
Comestibles
 f - 7 rations


   Skills:
 + Level 3.5 Fighting
 + Level 4.1 Axes
 + Level 3.3 Armour
 + Level 1.1 Dodging
 + Level 0.7 Stealth
 + Level 4.1 Shields
 + Level 0.5 Unarmed Combat
 + Level 0.1 Evocations


You had 6 spell levels left.
You didn't know any spells.
Your spell library was empty.

Dungeon Overview and Level Annotations

Branches:
Dungeon (4/15)
 Temple: D:4-7

Altars:
Sif Muna
Wu Jian


Innate Abilities, Weirdness & Mutations

You have extremely sharp teeth.
Your natural rate of healing is unusually fast.
When hurt, damage is shared between your health and your magic reserves.
Your bite disrupts and absorbs the magic of your enemies.
Potions cannot restore your health.
You are immune to rotting.


Message History

You are too injured to fight recklessly!
Unknown command.
You hit the orc priest. Your bite misses the orc priest.
The orc priest is almost dead.
You slash the orc!
You kill the orc!
The orc priest miscasts a cantrip.
You hit the orc priest.
You bite the orc priest, but do no damage.
The orc priest is almost dead.
You block the orc priest's attack.
You hit the orc priest.
You kill the orc priest!
You have reached level 7!
The orc priest begins to cast a cantrip, but forgets the words!
An orc comes into view. It is wielding a +0 dagger.
A hound comes into view.
The orc priest calls down the wrath of Beogh upon you.
Beogh smites you!
You die...

## ##.#.# ##.......
.########....###........
...............+........
.########....###........
.# ##.............. .#
#.#.###.#.?...# .# #.#.#
#.# ...## .# #.#.#
#.###+### .# #.#.#
#@)...... ## #.#
#o###o##h #.# #.# ...
.o# #.# #.# #.# #.# #.#
#.. ...


You could see a hound, an orc priest and 2 orcs.

Vanquished Creatures
  An ogre (D:4)
  A howler monkey (D:3)
  A hound (D:4)
  An orc priest (D:4)
  Jessica (D:2)
  2 worker ants (D:4)
  2 orc wizards (D:3)
  5 adders
  2 oozes (D:3)
  A worm (D:2)
  2 dart slugs
  4 leopard geckos
  5 orcs
  5 giant cockroaches
  8 goblins
  6 hobgoblins
  A quokka (D:2)
  9 bats
  4 frilled lizards
  8 kobolds
  9 rats
78 creatures vanquished.

Notes
Turn   | Place    | Note
-------+----------+-------------------------------------------
     0 | D:1      | Kairos the Vine Stalker Fighter began the quest for the
                  | Orb.
     0 | D:1      | Reached XP level 1. HP: 11/11 MP: 2/2
   125 | D:1      | Reached XP level 2. HP: 10/16 MP: 3/3
   436 | D:1      | Reached XP level 3. HP: 19/20 MP: 4/4
   628 | D:2      | Noticed Jessica
   638 | D:2      | Killed Jessica
   640 | D:2      | Gained mutation: Your natural rate of healing is unusually
                  | fast. [Vine Stalker growth]
   640 | D:2      | Reached XP level 4. HP: 24/24 MP: 3/5
  1053 | D:2      | Found a deep blue altar of Sif Muna.
  1259 | D:3      | Reached XP level 5. HP: 24/28 MP: 4/6
  1407 | D:3      | Found an ornate altar of the Wu Jian Council.
  1473 | D:3      | Reached skill level 1 in Dodging
  1517 | D:3      | Found a faded altar of an unknown god.
  1542 | D:3      | Reached XP level 6. HP: 31/32 MP: 5/7
  1855 | D:4      | Got a pitted buckler
  1866 | D:4      | Identified the +0 buckler of Crawling {rF+ Int+3 Slay-6
                  | Stlth+} (You found it on level 4 of the Dungeon)
  2129 | D:4      | Reached XP level 7. HP: 8/36 MP: 3/8
  2129 | D:4      | Killed from afar by an orc priest

Skill      XL: |  1  2  3  4  5  6 |
---------------+-------------------+-----
Fighting       | 3 |  3.5
Axes           | 2 3 4 |  4.1
Shields        | 3 4 |  4.1
Armour         | 3 |  3.3
Dodging        | 1 |  1.1
Stealth        | |  0.7
Unarmed Combat | |  0.5
Evocations     | |  0.1

Action                   |  1- 3 |  4- 6 |  7- 9 || total
-------------------------+-------+-------+-------++-------
Melee: War axe           |    58 |    95 |       ||   153
       Bite              |     8 |    32 |       ||    40
       Unarmed           |     3 |     2 |       ||     5
Evoke: Wand              |       |     2 |       ||     2
  Use: Scroll            |     6 |       |       ||     6
 Stab: Sleeping          |       |     1 |       ||     1
  Eat: Chunk             |       |     3 |       ||     3
Armor: Scale mail        |    54 |    34 |       ||    88
Dodge: Dodged            |    32 |    31 |       ||    63
Block: Shield            |    44 |    55 |       ||    99
